 Dungeon Crawl Stone Soup version 0.28.0-49-g6dfe1f597d (webtiles) character file.

Game seed: 15028665017007788824

75 firemarshallily the Chiller (level 4, -14/30 HPs)
             Began as a Merfolk Ice Elementalist on May 15, 2022.
             Demolished by a polar bear (29 damage)
             ... created by the rage of Trog
             ... on level 2 of the Dungeon.
             The game lasted 00:06:08 (1694 turns).

firemarshallily the Chiller (MfIE)                  Turns: 1694, Time: 00:06:09

Health: -14/30     AC:  2    Str:  8    XL:     4   Next: 31%
Magic:  8/8        EV: 13    Int: 16    God:
Gold:   91         SH:  0    Dex: 14    Spells: 8/9 levels left

rFire   . . .      SeeInvis .   f - +0 dagger
rCold   . . .      Faith    .   (no shield)
rNeg    . . .      Spirit   .   a - +0 robe
rPois   .          Reflect  .   (no helmet)
rElec   .          Harm     .   (no cloak)
rCorr   .          Rampage  .   (no gloves)
Will    .....                   (no boots)
Stlth   ++........              (no amulet)
HPRegen 0.10/turn               (no ring)
MPRegen 0.11/turn               (no ring)

@: no status effects
A: (nimble swimmer 2), mertail
a: no special abilities


You were on level 2 of the Dungeon.
You visited 1 branch of the dungeon, and saw 2 of its levels.

You collected 91 gold pieces.

Inventory:

Hand Weapons
 f - a +0 dagger (weapon)
Missiles
 h - 74 stones
Armour
 a - a +0 robe (worn)
Scrolls
 b - a scroll of identify
 d - a scroll of noise {unknown}
 e - a scroll of enchant armour {unknown}
Potions
 c - a potion of curing
 g - a potion of heal wounds {unknown}


   Skills:
 - Level 3.0 Dodging
 - Level 2.1 Stealth
 * Level 3.1 Spellcasting
 * Level 5.3 Ice Magic


You had 8 spell levels left.
You knew the following spells:

 Your Spells              Type           Power      Damage    Failure   Level
a - Freeze                Ice            76%        1d9       1%          1

Your spell library contained the following spells:

 Spells                   Type           Power      Damage    Failure   Level
 Frozen Ramparts          Ice            38%        1d5       6%          3
 Ozocubu's Armour         Ice            19%        N/A       6%          3
 Ensorcelled Hibernation  Hex/Ice        22%        N/A       10%         2
 Passwall                 Tmut/Erth      1%         N/A       28%         2
 Swiftness                Air            2%         N/A       50%         3
 Hailstorm                Conj/Ice       11%        3d5       52%         4


Dungeon Overview and Level Annotations

Branches:
Dungeon (2/15)

Altars:
Trog

Shops:
D:2 =


Innate Abilities, Weirdness & Mutations

((You are very nimble when in or above water. (Stealth+, EV+, Speed+++)))
Your lower body shifts to a powerful aquatic tail in water.


Message History

Confirm with . or Enter, or press ? or * to list all spells.
Aiming: Freeze (safe; 1% risk of failure)
Press: ? - help, Shift-Dir - straight line, f/p - endoplasm
Aim: an endoplasm (moderately wounded)
You freeze the endoplasm!
You kill the endoplasm!
Found an escape hatch in the floor.
h - 74 stones (gained 17)
A rat is nearby!
An endoplasm comes into view.
The endoplasm quivers.
Casting: Freeze (safe; 1% risk of failure)
Confirm with . or Enter, or press ? or * to list all spells.
Aiming: Freeze (safe; 1% risk of failure)
Press: ? - help, Shift-Dir - straight line, f - endoplasm
Aim: an endoplasm You freeze the endoplasm!
You kill the endoplasm!
Casting: Freeze (safe; 1% risk of failure)
Confirm with . or Enter, or press ? or * to list all spells.
Aiming: Freeze (safe; 1% risk of failure)
Press: ? - help, Shift-Dir - straight line, f - rat
Aim: a rat You freeze the rat.
You kill the rat!
Trog sends monsters to punish you.
A black bear and 4 polar bears come into view.
You hear an angry growl.
The polar bear completely misses you. The polar bear closely misses you.
The polar bear claws you! The polar bear misses you.
The polar bear barely misses you. The polar bear claws you.
You hear an angry growl.
The polar bear rages. x2
The polar bear barely misses you. The polar bear closely misses you. x2
The polar bear rages. x2
The polar bear bites you. The polar bear claws you. The polar bear misses you.
You hear an angry growl. x2
The polar bear bites you!!
Ouch! That really hurt!
You die...

## # .# #. .#
####.####.## ######
#.....>....# .....#
#..........####.....#.
#......@..............
........h######.....#
.........h..hhh.....#
..........####......#
..........####......#
..............h.....#
####.###.....h........
#.###............##
#..................


You could see 2 polar bears.

Vanquished Creatures
  An iguana (D:2)
  An adder (D:2)
  A dart slug (D:1)
  6 endoplasms
  3 goblins
  3 hobgoblins (D:1)
  2 jackals (D:2)
  2 quokkas (D:1)
  5 ball pythons (D:1)
  3 bats
  3 frilled lizards (D:1)
  3 kobolds (D:1)
  3 rats
36 creatures vanquished.

Notes
Turn   | Place    | Note
-------+----------+-------------------------------------------
     0 | D:1      | firemarshallily the Merfolk Ice Elementalist began the
                  | quest for the Orb.
     0 | D:1      | Reached XP level 1. HP: 13/13 MP: 3/3
   557 | D:1      | Reached XP level 2. HP: 19/19 MP: 1/5
   690 | D:1      | Found a faded altar of an unknown god.
   703 | D:1      | Prayed at the altar of an unknown god.
   703 | D:1      | Became a worshipper of Trog the Wrathful
   703 | D:1      | Reached * piety under Trog
   704 | D:1      | Fell from the grace of Trog
   724 | D:1      | You fall into a shaft and drop 1 floor!
   770 | D:2      | Reached XP level 3. HP: 24/24 MP: 2/6
  1024 | D:1      | Reached skill level 5 in Ice Magic
  1521 | D:2      | Found Rerph's Jewellery Emporium.
  1584 | D:2      | Reached XP level 4. HP: 30/30 MP: 3/8
  1686 | D:2      | Noticed a polar bear
  1686 | D:2      | Noticed a black bear
  1686 | D:2      | Noticed a polar bear
  1686 | D:2      | Noticed a polar bear
  1686 | D:2      | Noticed a polar bear
  1694 | D:2      | Demolished by a polar bear

Illustrated notes

Levels and vault maps discovered:
D:1:      dpeg_arrival_connections, layout_basic, basic_ecumenical_altar
D:2:      layout_basic, serial_shops, shop

Skill      XL: |  1  2  3 |
---------------+----------+-----
Dodging        | 3 |  3.0
Ice Magic      | 5 |  5.3
Spellcasting   | 3 |  3.1
Stealth        | |  2.1

Action                   |  1- 3 |  4- 6 || total
-------------------------+-------+-------++-------
Melee: Unarmed           |     7 |       ||     7
       Dagger            |     7 |       ||     7
 Cast: Freeze            |    42 |     4 ||    46
Invok: Renounce Religion |     1 |       ||     1
  Use: Scroll            |     1 |       ||     1
 Stab: Sleeping          |     3 |       ||     3
Armor: Robe              |     4 |       ||     4
Dodge: Dodged            |    30 |     8 ||    38
